 Dungeon Crawl Stone Soup version 0.29.1-1-gd02db6906a (webtiles) character file.

Game seed: 17092425865315677360

5034 DemonSlayer the Thaumaturge (level 10, 0/67 HPs)
             Began as a Demonspawn Fire Elementalist on Sept 27, 2022.
             Slain by a five-headed hydra (5 damage)
             ... on level 8 of the Dungeon.
             The game lasted 00:21:00 (11091 turns).

DemonSlayer the Thaumaturge (DsFE)                 Turns: 11091, Time: 00:21:01

Health: 0/67       AC:  3    Str:  9    XL:     10   Next: 30%
Magic:  20/22      EV: 13    Int: 21    God:
Gold:   349        SH:  0    Dex: 19    Spells: 13/26 levels left

rFire   + . .      SeeInvis .   b - +3 dagger (spect)
rCold   . . .      Faith    .   (no shield)
rNeg    . . .      Spirit   .   a - +1 robe
rPois   .          Reflect  .   (helmet restricted)
rElec   .          Harm     .   (no cloak)
rCorr   .          Rampage  .   (no gloves)
Will    .....                   (no boots)
Stlth   ++++......              (no amulet)
HPRegen 0.21/turn               D - +6 ring of dexterity
MPRegen 0.18/turn               p - ring of protection from fire

@: no status effects
A: antennae 1, hooves 2, spiny 1, demonic magic 1, weakness stinger 1
a: no special abilities


You were on level 8 of the Dungeon.
You visited 2 branches of the dungeon, and saw 9 of its levels.

You collected 349 gold pieces.

Inventory:

Hand Weapons
 b - a +3 spectral dagger (weapon)
Armour
 a - a +1 robe (worn)
Jewellery
 p - a ring of protection from fire (right hand)
 D - a +6 ring of dexterity (left hand)
Wands
 o - a wand of roots (21)
 x - a wand of polymorph (6)
 y - a wand of acid (7)
Scrolls
 e - a scroll of amnesia
 k - 2 scrolls of teleportation
 n - a scroll of immolation
 v - a scroll of poison
 A - 2 scrolls of blinking
Potions
 c - 3 potions of attraction
 d - a potion of lignification {unknown}
 f - 2 potions of might
 g - a potion of ambrosia {unknown}
 h - 6 potions of curing
 i - 3 potions of heal wounds
 j - a potion of cancellation {unknown}
 l - a potion of brilliance {unknown}
 m - a potion of mutation {unknown}
 r - a potion of berserk rage
 s - 4 potions of flight
 t - a potion of degeneration {unknown}
 w - a potion of haste
 B - a potion of magic


   Skills:
 + Level 1.9 Fighting
 + Level 1.7 Short Blades
 + Level 3.0 Dodging
 + Level 6.8 Stealth
 + Level 8.6 Spellcasting
 + Level 3.5 Conjurations
 + Level 8.5 Fire Magic


You had 13 spell levels left.
You knew the following spells:

 Your Spells              Type           Power      Damage    Failure   Level
a - Foxfire               Conj/Fire      100%       2x1d9     1%          1
b - Scorch                Fire           90%        2d10      1%          2
c - Conjure Flame         Conj/Fire      34%        6-21      1%          3
d - Flame Wave            Conj/Fire      34%        2d10      6%          4
e - Stone Arrow           Conj/Erth      32%        3d9       11%         3

Your spell library contained the following spells:

 Spells                   Type           Power      Damage    Failure   Level
 Inner Flame              Hex/Fire       27%        N/A       3%          3
 Sandblast                Erth           18%        2d7       8%          1
 Passwall                 Tmut/Erth      7%         N/A       11%         2
 Borgnjor's Revivificati  Necr           4%         N/A       100%        8
 Necromutation            Tmut/Necr      4%         N/A       100%        8
 Death's Door             Necr           4%         N/A       100%        9


Dungeon Overview and Level Annotations

Branches:
Dungeon (8/15)             Temple (1/1) D:7
   Lair: D:8-11

Altars:
Ashenzari
Cheibriados
Dithmenos
Fedhas
Gozag
Hepliaklqana
Kikubaaqudgha
Nemelex Xobeh
Okawaru
Qazlal
Ru
Sif Muna
Trog
Uskayaw
Vehumet
Wu Jian
Xom

Shops:
D:1 =   D:7 *

Annotations:
D:3 1 runed translucent door, LustLizard's ghost, amateur TrFi


Innate Abilities, Weirdness & Mutations

You have a pair of small antennae on your head.
You have hoof-like feet.
You are partially covered in sharp spines.
Spells you cast may paralyse adjacent enemies.
You have a small tail.


Message History

Malevolent energies surge around you.
The yak suddenly stops moving!
The helpless yak fails to defend itself.
You impale the yak!!
You kill the yak!
Your Dodging skill increases to level 3!
Flames lash the yak.
The yak is burned terribly!
The yak is heavily wounded.
Malevolent energies surge around you.
The yak suddenly stops moving!
The helpless yak fails to defend itself.
You impale the yak!!
You kill the yak!
Things that are here:
a yak corpse; a yak corpse
Things that are here:
a +0 club; an orc corpse You open the door.
A five-headed hydra comes into view.
A five-headed hydra is nearby!
A five-headed hydra is nearby!
A five-headed hydra is nearby!
A five-headed hydra is nearby!
Found 8 gold pieces.
There is an open door here.
The five-headed hydra roars!
The five-headed hydra is struck by your spines.
The five-headed hydra bites you! The five-headed hydra bites you.
The five-headed hydra closely misses you.
The five-headed hydra bites you!
The five-headed hydra closely misses you.
Flames lash the five-headed hydra.
The five-headed hydra is lightly wounded.
The five-headed hydra's fire resistance burns away.
Malevolent energies surge around you. The five-headed hydra bites you!
The five-headed hydra closely misses you.
The five-headed hydra bites you!
* * * LOW HITPOINT WARNING * * *
The five-headed hydra bites you!
* * * LOW HITPOINT WARNING * * *
The five-headed hydra bites you.
You die...

##### ############....
########>).†......'....
..........####.#<##....
.......................
.#####'#######+####..#
##.....# ##.# #..@..##
#.# #..D..## #.#
#....## #.. +...## +.#
#..# #.# #$# #.# ##


You could see a five-headed hydra (combustible).

Vanquished Creatures
  Pikel (D:5)
  Sigmund (D:3)
  A shadow (D:7)
  6 yaks
  A water moccasin (D:7)
  2 black bears
  3 sky beasts
  An ice beast (D:7)
  2 orc warriors (D:7)
  5 ogres
  2 centaurs (D:7)
  2 lemures (D:5)
  A phantom (D:5)
  3 kobold brigands (D:7)
  3 bullfrogs
  2 scorpions
  3 necrophages
  A wight (D:7)
  3 howler monkeys
  2 jellies
  2 gnoll boudas
  4 orc priests
  3 hounds
  10 iguanas
  10 orc wizards
  5 adders (D:2)
  5 gnolls
  4 white imps
  An ufetubus (D:4)
  4 worms
  3 dart slugs
  33 orcs
  3 ball pythons
  2 bats
  4 endoplasms
  8 goblins
  5 hobgoblins
  9 jackals
  12 kobolds
  3 quokkas
  5 frilled lizards
  2 rats
  A spectral orc (D:3)
  A butterfly (D:6)
184 creatures vanquished.

Vanquished Creatures (others)
  214 foxfires
214 creatures vanquished.

Grand Total: 398 creatures vanquished

Notes
Turn   | Place    | Note
-------+----------+-------------------------------------------
     0 | D:1      | DemonSlayer the Demonspawn Fire Elementalist began the
                  | quest for the Orb.
     0 | D:1      | Reached XP level 1. HP: 13/13 MP: 3/3
   696 | D:1      | Discovered your monstrous ancestry.
   696 | D:1      | Gained mutation: You have a small tail. [demonic ancestry]
   696 | D:1      | Reached XP level 2. HP: 19/19 MP: 1/5
   700 | D:1      | Learned a level 2 spell: Scorch
  1031 | D:1      | Found Qyong's Jewellery Shop.
  1415 | D:2      | Gained mutation: You have large cloven feet. [demonic
                  | ancestry]
  1415 | D:2      | Reached XP level 3. HP: 24/24 MP: 1/6
  2005 | D:2      | You fall into a shaft and drop 1 floor!
  2029 | D:3      | Found a runed translucent door.
  2033 | D:3      | Noticed LustLizard's ghost (amateur TrFi)
  2185 | D:3      | Found a faded altar of an unknown god.
  2218 | D:3      | Gained mutation: Spells you cast may paralyse adjacent
                  | enemies. [demonic ancestry]
  2218 | D:3      | Reached XP level 4. HP: 30/30 MP: 7/7
  2227 | D:3      | Noticed Sigmund
  2234 | D:3      | Killed Sigmund
  2235 | D:3      | Gained mutation: You are partially covered in sharp spines.
                  | [demonic ancestry]
  2235 | D:3      | Reached XP level 5. HP: 36/36 MP: 1/10
  2440 | D:3      | Found a hazy altar of Hepliaklqana.
  2676 | D:3      | Found a sparkling altar of Nemelex Xobeh.
  2846 | D:3      | Reached skill level 1 in Short Blades
  3087 | D:3      | Learned a level 3 spell: Conjure Flame
  3811 | D:2      | Gained mutation: You have hoof-like feet. [demonic
                  | ancestry]
  3811 | D:2      | Reached XP level 6. HP: 42/42 MP: 11/11
  4112 | D:2      | Learned a level 4 spell: Flame Wave
  5085 | D:4      | Reached skill level 5 in Fire Magic
  5085 | D:4      | Reached XP level 7. HP: 47/47 MP: 10/13
  5266 | D:4      | Found a radiant altar of Vehumet.
  5299 | D:4      | Found a shimmering blue altar of Sif Muna.
  5544 | D:5      | Entered Level 5 of the Dungeon
  5563 | D:5      | Reached skill level 5 in Spellcasting
  5849 | D:5      | Reached skill level 1 in Fighting
  6223 | D:5      | Noticed Pikel
  6240 | D:5      | Killed Pikel
  6241 | D:5      | Reached skill level 5 in Stealth
  6241 | D:5      | Gained mutation: You have a pair of small antennae on your
                  | head. [demonic ancestry]
  6241 | D:5      | Reached XP level 8. HP: 37/54 MP: 3/16
  7221 | D:5      | Learned a level 3 spell: Stone Arrow
  7527 | D:6      | Found a shimmering altar of Xom.
  7570 | D:6      | Reached XP level 9. HP: 59/59 MP: 6/19
  8307 | D:6      | Found a sacrificial altar of Ru.
  8459 | D:7      | Found a staircase to the Ecumenical Temple.
  8483 | Temple   | Entered the Ecumenical Temple
  8938 | D:7      | Found Zin's Purification Station.
 10118 | D:7      | Reached XP level 10. HP: 60/66 MP: 10/22
 10501 | D:8      | Found a stormy altar of Qazlal.
 11087 | D:8      | Noticed a five-headed hydra
 11091 | D:8      | Slain by a five-headed hydra

Illustrated notes

Levels and vault maps discovered:
D:1:      tarquinn_simple_flora_water_b, layout_basic, serial_forest,
          infiniplex_forest_straight_2, infiniplex_forest_end_2,
          infiniplex_forest_straight_5, infiniplex_forest_clump_tiny,
          infiniplex_forest_straight_3, infiniplex_forest_lined_4_way,
          infiniplex_forest_lined_3, infiniplex_forest_straight_2,
          infiniplex_forest_clump_curved, infiniplex_forest_clump_tiny,
          serial_shops, shop_statue
D:2:      layout_rooms
D:3:      layout_loops_corners, nemelex_spade_bored_becter,
          nicolae_hepliaklqana_monster_ancestors,
          shapermc_ecumenical_altar_petra, ebering_ghost_reflecting_pool,
          uniq_sigmund
D:4:      layout_basic, gammafunk_temple_overflow_statue, cheibrodos_gnoll_hut
D:5:      layout_loops_ring, columned_hall_lemuel, uniq_pikel
D:6:      layout_cave_pools, nicolae_ru_sacrificial_ziggurat, xom_butterflies,
          minmay_misc_feat_columns
D:7:      minmay_bubble_buster, layout_rooms, zin_purify, temple_green
D:8:      layout_basic, grunt_qazlal_sundering, minmay_quadrilaterals
Temple:   nicolae_temple_bog_church

Skill      XL: |  1  2  3  4  5  6  7  8  9 10 |
---------------+-------------------------------+-----
Stealth        | 2 3 5 6 |  6.8
Fire Magic     | 3 4 5 6 8 |  8.5
Dodging        | 2 3 |  3.0
Spellcasting   | 3 4 5 7 8 |  8.6
Short Blades   | 1 |  1.7
Fighting       | 1 |  1.9
Conjurations   | 3 |  3.5

Action                   |  1- 3 |  4- 6 |  7- 9 | 10-12 || total
-------------------------+-------+-------+-------+-------++-------
Melee: Unarmed           |     4 |       |       |       ||     4
       Short sword       |    35 |     4 |       |       ||    39
       Tailslap          |     4 |       |     5 |     1 ||    10
       Kick              |     7 |     4 |    13 |     3 ||    27
       Dagger            |     4 |    16 |    59 |    17 ||    96
       Punch             |       |       |     1 |       ||     1
 Cast: Foxfire           |    35 |     7 |    90 |     3 ||   135
       Scorch            |    16 |    28 |    80 |    22 ||   146
  Use: Potion            |     1 |       |     1 |     2 ||     4
       Scroll            |       |     7 |    11 |     3 ||    21
 Stab: Sleeping          |     1 |     6 |     5 |     1 ||    13
       Paralysed         |       |     6 |    34 |    12 ||    52
Armor: Robe              |     7 |     2 |     8 |     3 ||    20
Dodge: Dodged            |    36 |    13 |    40 |     9 ||    98
